 Dungeon Crawl Stone Soup version 0.22.1-1-ga44c0e5 (webtiles) character file.

4673 Xifihas the Magician (level 10, -9/87 HPs)
             Began as a Naga Wizard on Oct 28, 2018.
             Was a Priest of Cheibriados.
             Mangled by a spiny frog (20 damage)
             ... on level 1 of the Lair of Beasts on Nov 3, 2018.
             The game lasted 02:55:13 (7954 turns).

Xifihas the Magician (Naga Wizard)                  Turns: 7954, Time: 02:55:14

Health: -9/87      AC: 16    Str: 26    XL:     10   Next: 44%
Magic:  17/19      EV: 11    Int: 31    God:    Cheibriados [***...]
Gold:   342        SH:  0    Dex: 18    Spells: 2/21 levels left

rFire    . . .     SeeInvis +   a - +1 falchion "Boenlit" {freeze, Str+5}
rCold    . . .     Gourm    .   (no shield)
rNeg     . . .     Faith    .   S - +2 robe {MR+}
rPois    +         Spirit   .   G - +0 helmet
rElec    .         Reflect  .   K - scarf {repulsion}
rCorr    +         Harm     .   U - +0 pair of gloves
MR       ++...                  (no barding)
Stlth    +++.......             (no amulet)
HPRegen  0.24/turn              x - +3 ring of intelligence
MPRegen  0.16/turn              q - ring of resist corrosion

@: icy armour, repel missiles, very slow
A: large, claws 1, rugged brown scales 1, see invisible, deformed body, poison
resistance, slowness 2, slow metabolism 1, spit poison 1, strong 1, AC +3
a: Spit Poison, Bend Time, Temporal Distortion, Renounce Religion


You were on level 1 of the Lair of Beasts.
You worshipped Cheibriados.
Cheibriados was most pleased with you.
You were not hungry.

You visited 3 branches of the dungeon, and saw 11 of its levels.

You collected 486 gold pieces.
You spent 144 gold pieces at shops.

Inventory:

Hand Weapons
 a - the +1 falchion "Boenlit" (weapon) {freeze, Str+5}
   (You found it on level 6 of the Dungeon)

   It has been specially enchanted to freeze those struck by it, causing extra
   injury to most foes and up to half again as much damage against particularly
   susceptible opponents.
   It can also slow down cold-blooded creatures.
   It affects your strength (+5).
 b - a +3 scimitar of flaming
 w - a +1 great sword
 B - a +0 fustibalus
 F - a +5 war axe
 L - a +2 mace of protection
 M - a +4 hand axe
 N - a +0 vampiric dagger
 R - a +0 shortbow
 T - a +1 whip of freezing
Missiles
 e - 185 stones
 o - 22 poisoned needles
 p - 104 arrows
 t - a throwing net
 u - 43 sling bullets
 D - 13 tomahawks (quivered)
 E - 26 bolts
 J - 3 needles of confusion
Armour
 h - a +0 leather armour
 y - a +1 ring mail of poison resistance
 G - a +0 helmet (worn)
 K - a scarf of repulsion (worn)
 S - a +2 robe of magic resistance (worn)
 U - a +0 pair of gloves (worn)
Magical Staves
 V - an uncursed staff of fire
Jewellery
 g - an uncursed ring of stealth
 q - a ring of resist corrosion (right hand)
 x - a +3 ring of intelligence (left hand)
Wands
 j - a wand of digging (20)
 l - a wand of flame (36)
 W - a wand of clouds (6)
Scrolls
 f - 6 scrolls of teleportation
 C - 2 scrolls of fog
 O - a scroll of magic mapping
Potions
 c - 4 potions of curing
 k - 3 potions of flight
 m - 2 potions of invisibility
 r - a potion of mutation
 s - 2 potions of brilliance
 A - a potion of cancellation
 H - 2 potions of agility
Comestibles
 d - 11 rations


   Skills:
 + Level 3.8 Fighting
 + Level 0.2(2.4) Short Blades
 + Level 3.9(4.0) Long Blades
 + Level 2.2(3.2) Axes
 + Level 3.4(3.8) Maces & Flails
 + Level 2.8 Slings
 + Level 2.4 Bows
 + Level 0.1(1.6) Throwing
 + Level 3.7 Armour
 + Level 3.0 Dodging
 + Level 5.9 Stealth
 * Level 6.2 Spellcasting
 + Level 3.4 Conjurations
 + Level 2.1 Hexes
 + Level 1.6 Charms
 + Level 2.8 Summonings
 + Level 1.1 Translocations
 + Level 1.4 Ice Magic
 + Level 2.1 Air Magic
 + Level 2.2 Earth Magic
 + Level 3.6 Poison Magic
 * Level 2.3 Invocations
 + Level 2.2 Evocations


You had 2 spell levels left.
You knew the following spells:

 Your Spells              Type           Power        Failure   Level  Hunger
a - Magic Dart            Conj           ####         1%          1    None
b - Blink                 Tloc           N/A          4%          2    None
c - Call Imp              Summ           ####....     2%          2    None
d - Slow                  Hex            ###.....     3%          2    None
e - Mephitic Cloud        Conj/Pois/Air  ####....     4%          3    None
f - Confuse               Hex            ###.....     6%          3    None
h - Sandblast             Erth           ###...       1%          1    None
i - Throw Frost           Conj/Ice       ###...       2%          2    None
j - Ozocubu's Armour      Chrm/Ice       ###.....     8%          3    None

Your spell library contained the following spells:

 Spells                   Type           Power        Failure   Level  Hunger
 Confusing Touch          Hex            ###...       1%          1    None
 Freeze                   Ice            ###.         2%          1    None
 Passwall                 Tmut/Erth      ###.....     4%          2    None
 Stone Arrow              Conj/Erth      ####..       4%          3    None
 Conjure Flame            Conj/Fire      ###.....     7%          3    None
 Gell's Gravitas          Tloc           ###.......   9%          3    None
 Throw Icicle             Conj/Ice       ###.....     17%         4    ##.....
 Summon Ice Beast         Ice/Summ       ###.....     21%         4    ##.....
 Petrify                  Tmut/Erth      ###.....     30%         4    ##.....
 Venom Bolt               Conj/Pois      ####......   30%         5    #####..
 Iskenderun's Battlesphe  Conj/Chrm      ####....     43%         5    #####..
 Lee's Rapid Deconstruct  Erth           ###.......   47%         5    #####..
 Bolt of Magma            Conj/Fire/Erth ###.......   52%         5    #####..
 Metabolic Englaciation   Hex/Ice        ###.......   54%         5    #####..
 Yara's Violent Unravell  Hex/Tmut       ###.......   65%         5    #####..
 Iron Shot                Conj/Erth      ####......   93%         6    ######.
 Orb of Destruction       Conj           ####......   100%        7    #######
 Spellforged Servitor     Conj/Summ      ####......   100%        7    #######


Dungeon Overview and Level Annotations

Branches:
Dungeon (9/15)             Temple (1/1) D:5            Lair (1/6) D:9
    Orc: D:9-12

Altars:
Ashenzari
Cheibriados
Dithmenos
Elyvilon
Fedhas
Gozag
Hepliaklqana
Kikubaaqudgha
Makhleb
Nemelex Xobeh
Okawaru
Qazlal
Ru
Sif Muna
Trog
Uskayaw
Vehumet
Wu Jian
Xom
Yredelemnul
Zin
The Shining One

Shops:
D:7 [   D:8 (

Annotations:
D:9 1 runed door, SaintRoka's ghost, novice VSGl


Innate Abilities, Weirdness & Mutations

You cannot wear boots.
Your serpentine skin is tough. (AC +3)
You have supernaturally acute eyesight. (SInv)
Armour fits poorly on your strangely shaped body.
Your system is resistant to poisons. (rPois)
You cover ground very slowly.
You have a slow metabolism.
You can spit poison.
You have sharp fingernails.
You are partially covered in rugged brown scales. (AC +1, +3% HP)
Your muscles are strong. (Str +2)


Message History

The spiny frog barely misses you.
You riposte.
You hit the spiny frog. You freeze the spiny frog.
The spiny frog is lightly wounded.
The bullfrog is engulfed in noxious fumes.
The bullfrog appears confused.
Press: ? - help, v - describe, . - travel
Here: a spiny frog (noxious fumes, lightly wounded)
The floor.
Okay, then.
Casting: Mephitic Cloud (safe; 4% risk of failure)
Confirm with . or Enter, or press ? or * to list all spells.
You blink.
The spiny frog stings you!
* * * LOW HITPOINT WARNING * * *
It was a potion of magic.
Magic courses through your body. The spiny frog stings you.
* * * LOW HITPOINT WARNING * * *
Casting: Blink (safe; 4% risk of failure)
Confirm with . or Enter, or press ? or * to list all spells.
You blink.
The spiny frog stings you!!
You die...

# . ##..#### #.
......#
##.##.♣...♣♣###
#..#.......P...
#........P...P
#..F..§.......
#....§F§P%P...
#....@..%.P..#
##.....§.....##
#..#♣...P......
##†##.♣.)....##
#.####...#..#
#..# ##.###.#
#.#### .# #
#.##.##..
#.#... ...


You could see a spiny frog and a bullfrog (confused).

Vanquished Creatures
  Erica (D:8)
  A komodo dragon (Lair:1)
  A hornet (D:9)
  A hippogriff (D:9)
  3 yaks (D:9)
  A hungry ghost (D:7)
  A porcupine (Lair:1)
  3 orc warriors
  A sky beast (D:8)
  2 ice beasts
  2 phantoms
  3 ogres
  2 centaurs
  A crocodile (Lair:1)
  6 bullfrogs
  4 scorpions
  2 wights (D:8)
  3 howler monkeys
  2 jellies
  A crimson imp (D:7)
  5 hounds
  A bullfrog skeleton (D:7)
  6 orc priests
  An iguana (D:9)
  9 orc wizards
  6 worker ants
  A killer bee zombie (D:5)
  A hound skeleton (D:8)
  10 adders
  2 gnolls (D:2)
  2 howler monkey skeletons
  A shadow imp (D:9)
  An ooze (D:2)
  An adder zombie (D:7)
  An adder skeleton (D:7)
  3 dart slugs
  3 worms
  A leopard gecko (D:3)
  30 orcs
  A bat (D:1)
  9 giant cockroaches
  6 goblins
  3 hobgoblins
  13 jackals
  8 kobolds
  5 quokkas
  A ball python (D:3)
  5 frilled lizards
  A jackal skeleton (D:5)
  A quokka zombie (D:8)
  7 rats
186 creatures vanquished.

Vanquished Creatures (collateral kills)
  A wight (D:8)
  An orc priest (D:5)
  A jelly (D:5)
  An orc wizard (D:4)
  A worker ant (D:4)
  Natasha (D:2)
  A gnoll (D:2)
  A howler monkey skeleton (D:5)
  A worm (D:4)
  3 orcs
  2 jackals (D:1)
14 creatures vanquished.

Grand Total: 200 creatures vanquished

Notes
Turn   | Place    | Note
-------+----------+-------------------------------------------
     0 | D:1      | Xifihas the Naga Wizard began the quest for the Orb.
     0 | D:1      | Reached XP level 1. HP: 15/15 MP: 4/4
    90 | D:1      | Reached XP level 2. HP: 22/22 MP: 0/6
   153 | D:1      | Learned a level 2 spell: Blink
   156 | D:1      | Learned a level 2 spell: Call Imp
   159 | D:1      | Learned a level 2 spell: Slow
   438 | D:1      | Reached XP level 3. HP: 24/30 MP: 6/8
   909 | D:2      | Reached skill level 1 in Fighting
   919 | D:2      | Reached XP level 4. HP: 19/39 MP: 4/9
  1109 | D:2      | Found a glowing golden altar of the Shining One.
  1165 | D:2      | Learned a level 3 spell: Mephitic Cloud
  1364 | D:2      | Noticed Natasha
  1378 | D:2      | Killed Natasha
  1549 | D:3      | Reached skill level 1 in Hexes
  1559 | D:3      | Reached XP level 5. HP: 30/45 MP: 6/10
  1614 | D:3      | Reached skill level 1 in Maces & Flails
  1627 | D:3      | Found a radiant altar of Vehumet.
  2137 | D:3      | Reached XP level 6. HP: 48/52 MP: 11/11
  2352 | D:3      | Reached skill level 4 in Spellcasting
  2548 | D:4      | Reached skill level 1 in Armour
  2832 | D:4      | Reached skill level 1 in Air Magic
  2841 | D:4      | Gained mutation: Your muscles are strong. (Str +2) [potion
                  | of mutation]
  2841 | D:4      | Gained mutation: You are partially covered in rugged brown
                  | scales. (AC +1, +3% HP) [potion of mutation]
  2841 | D:4      | Gained mutation: You have sharp fingernails. [potion of
                  | mutation]
  2842 | D:4      | Reached skill level 1 in Poison Magic
  3149 | D:4      | Reached XP level 7. HP: 54/61 MP: 13/13
  3370 | D:5      | Entered Level 5 of the Dungeon
  3758 | D:5      | Found a staircase to the Ecumenical Temple.
  3768 | Temple   | Entered the Ecumenical Temple
  3892 | Temple   | Became a worshipper of Cheibriados the Contemplative
  3974 | D:5      | Found a hazy altar of Hepliaklqana.
  3974 | D:5      | Found a blossoming altar of Fedhas.
  4336 | D:5      | Learned a level 3 spell: Confuse
  4342 | D:5      | Found a deep blue altar of Sif Muna.
  4480 | D:6      | Found a sparkling altar of Nemelex Xobeh.
  4480 | D:6      | Found an ornate altar of the Wu Jian Council.
  4480 | D:6      | Found an opulent altar of Gozag.
  4586 | D:6      | Reached XP level 8. HP: 60/70 MP: 1/14
  4593 | D:6      | Found a sparkling altar of Nemelex Xobeh.
  4691 | D:6      | Reached * piety under Cheibriados
  4773 | D:6      | Got an ebony falchion
  4774 | D:6      | Identified the cursed +1 falchion "Boenlit" {freeze, Str+5}
                  | (You found it on level 6 of the Dungeon)
  4881 | D:7      | Found Areosaf's Antique Armour Shoppe.
  4898 | D:7      | Reached skill level 1 in Axes
  4904 | D:7      | Reached skill level 1 in Invocations
  4934 | D:7      | Bought a glowing scarf for 144 gold pieces
  4956 | D:7      | Reached skill level 1 in Slings
  5023 | D:7      | Reached skill level 1 in Long Blades
  5464 | D:7      | Reached skill level 5 in Stealth
  5467 | D:7      | Learned a level 1 spell: Freeze
  5469 | D:7      | Learned a level 1 spell: Sandblast
  5819 | D:8      | Noticed Erica
  5846 | D:8      | Reached ** piety under Cheibriados
  5861 | D:8      | Reached XP level 9. HP: 72/78 MP: 7/15
  5959 | D:8      | Learned a level 2 spell: Throw Frost
  6062 | D:8      | Killed Erica
  6062 | D:8      | Reached skill level 1 in Bows
  6062 | D:8      | Reached skill level 1 in Ice Magic
  6062 | D:8      | Reached skill level 1 in Earth Magic
  6658 | D:8      | Reached skill level 5 in Spellcasting
  6703 | D:8      | Reached *** piety under Cheibriados
  6703 | D:8      | Reached skill level 1 in Evocations
  6839 | D:8      | Found Waotteik's Weapon Boutique.
  7067 | D:9      | Found a staircase to the Lair.
  7258 | D:9      | Noticed a hornet
  7272 | D:9      | Killed a hornet
  7272 | D:9      | Reached XP level 10. HP: 46/87 MP: 7/18
  7428 | D:9      | Reached skill level 6 in Spellcasting
  7431 | D:9      | Found a runed door.
  7431 | D:9      | Noticed SaintRoka's ghost (novice VSGl)
  7443 | D:9      | Learned a level 3 spell: Ozocubu's Armour
  7447 | D:9      | Noticed an unseen horror
  7584 | D:9      | Reached skill level 1 in Charms
  7863 | Lair:1   | Entered Level 1 of the Lair of Beasts
  7895 | Lair:1   | Noticed a spiny frog
  7954 | Lair:1   | Mangled by a spiny frog

Skill      XL: |  1  2  3  4  5  6  7  8  9 10 |
---------------+-------------------------------+-----
Fighting       | 1 2 3 |  3.8
Hexes          | 1 2 |  2.1
Summonings     | 2 |  2.8
Maces & Flails | 1 2 3 |  3.4
Dodging        | 2 3 |  3.0
Spellcasting   | 4 5 6 |  6.2
Armour         | 1 2 3 |  3.7
Stealth        | 4 5 |  5.9
Air Magic      | 1 2 |  2.1
Poison Magic   | 1 2 3 |  3.6
Conjurations   | 2 3 |  3.4
Axes           | 2 |  2.2
Invocations    | 2 |  2.3
Slings         | 2 |  2.8
Long Blades    | 2 3 |  3.9
Bows           | 2 |  2.4
Ice Magic      | 1 |  1.4
Earth Magic    | 1 2 |  2.2
Evocations     | 2 |  2.2
Charms         | 1 |  1.6
Short Blades   | |  0.2
Throwing       | |  0.1
Translocations | |  1.1

Action                   |  1- 3 |  4- 6 |  7- 9 | 10-12 || total
-------------------------+-------+-------+-------+-------++-------
Melee: Club              |     4 |       |       |       ||     4
       Short sword       |    38 |       |       |       ||    38
       Mace              |       |   180 |    68 |       ||   248
       Hand axe          |       |       |    46 |       ||    46
       Falchion          |       |       |   146 |    59 ||   205
       Scimitar          |       |       |     8 |       ||     8
       War axe           |       |       |     1 |     2 ||     3
 Fire: Hunting sling     |       |     3 |    37 |       ||    40
       Shortbow          |       |       |     9 |       ||     9
Throw: Stone             |     7 |     2 |       |       ||     9
       Tomahawk          |       |       |     8 |       ||     8
 Cast: Magic Dart        |    34 |    47 |    58 |     2 ||   141
       Call Imp          |     8 |    10 |    22 |       ||    40
       Slow              |     1 |     6 |     1 |       ||     8
       Mephitic Cloud    |       |     6 |    22 |     7 ||    35
       Confuse           |       |       |     7 |     1 ||     8
       Sandblast         |       |       |    13 |     5 ||    18
       Freeze            |       |       |     3 |     1 ||     4
       Throw Frost       |       |       |     6 |    15 ||    21
       Blink             |       |       |     2 |     2 ||     4
       Ozocubu's Armour  |       |       |       |     3 ||     3
Invok: Bend Time         |       |       |     2 |       ||     2
 Abil: Spit Poison       |     6 |     5 |    11 |     2 ||    24
Evoke: Wand              |       |       |     1 |       ||     1
  Use: Scroll            |       |     9 |     8 |     3 ||    20
       Potion            |       |     3 |     3 |     2 ||     8
 Stab: Sleeping          |     2 |     5 |     8 |     1 ||    16
       Confused          |       |     1 |     3 |     5 ||     9
       Distracted        |       |       |     1 |       ||     1
  Eat: Chunk             |       |     8 |     9 |       ||    17
       Ration            |       |       |     2 |       ||     2
Armor: Robe              |     3 |     4 |    25 |    19 ||    51
       Leather armour    |       |    87 |    97 |       ||   184
Dodge: Dodged            |    16 |   102 |   142 |    27 ||   287
       Deflected         |       |       |     2 |       ||     2
       Rpst.: Falchion   |       |       |    24 |     7 ||    31
       Scimitar          |       |       |     2 |       ||     2
